 Dungeon Crawl Stone Soup version 0.19.0-19-g8c6edcc (webtiles) character file.

109 Gargoyl the Skirmisher (level 4, -2/37 HPs)
             Began as a Demonspawn Abyssal Knight on Nov 14, 2016.
             Was a Believer of Lugonu.
             Slain by an ogre
             ... wielding a +0 giant club
              (20 damage)
             ... on level 4 of the Dungeon.
             The game lasted 00:04:43 (3087 turns).

Gargoyl the Skirmisher (Demonspawn Abyssal Knight)  Turns: 3087, Time: 00:04:43

Health: -2/37      AC: 16    Str: 14    XL:     4   Next: 59%
Magic:  6/6        EV:  4    Int: 13    God:    Lugonu [**....]
Gold:   124        SH:  0    Dex: 12    Spells: 0 memorised, 3 levels left

rFire  . . .     SeeInvis .     a - +1 hand axe
rCold  . . .     Gourm    .     i - +0 plate armour
rNeg   . . .     Faith    .     (no shield)
rPois  .         Spirit   .     p - +0 helmet
rElec  .         Reflect  .     (no cloak)
rCorr  +         Harm     .     d - +0 pair of gloves
MR     .....                    e - +0 pair of boots
Stlth  ..........               (no amulet)
                                (no ring)
                                g - ring of resist corrosion

@: no status effects
A: claws 1, thin metallic scales 1
a: Depart the Abyss, Bend Space, Renounce Religion


You were on level 4 of the Dungeon.
You worshipped Lugonu.
Lugonu was pleased with you.
You were not hungry.

You visited 1 branch of the dungeon, and saw 4 of its levels.
You visited the Abyss 1 time.

You collected 124 gold pieces.

Inventory:

Hand Weapons
 a - a +1 hand axe (weapon)
 s - a +0 war axe
Missiles
 k - 7 tomahawks (quivered)
Armour
 d - a +0 pair of gloves (worn)
 e - a +0 pair of boots (worn)
 i - a +0 plate armour (worn)
 p - a +0 helmet (worn)
Jewellery
 g - a ring of resist corrosion (left hand)
Scrolls
 q - a scroll of amnesia {unknown}
 r - a scroll of enchant weapon {unknown}
 t - a scroll of recharging
 u - a scroll of random uselessness {unknown}
 v - a scroll of magic mapping {unknown}
 x - a scroll of enchant armour {unknown}
Potions
 b - a potion of cancellation
 f - 2 potions of heal wounds {unknown}
 j - 2 potions of flight {unknown}
 l - a potion of resistance {unknown}
 m - a potion of haste {unknown}
 o - 2 potions of curing {unknown}
 w - a potion of degeneration {unknown}
Comestibles
 c - 3 bread rations
 h - 2 meat rations
 n - 2 beef jerkies


   Skills:
 + Level 3.8 Fighting
 + Level 2.7 Axes
 * Level 2.5 Armour
 + Level 0.8 Dodging
 * Level 3.7 Invocations


You had 3 spell levels left.
You didn't know any spells.

Dungeon Overview and Level Annotations

Branches:
Dungeon (4/15)
 Temple: D:4-7

Altars:
Yredelemnul


Innate Abilities, Weirdness & Mutations

You have sharp fingernails.
You are partially covered in thin metallic scales. (AC +2)


Message History

The ogre hits you with a giant club.
You see here a twisted blue amulet.
You hit the ogre.
The ogre is lightly wounded.
The ogre hits you with a giant club!
You hit the ogre.
The ogre is lightly wounded.
You hit the quokka but do no damage.
The quokka bites you but does no damage.
The ogre hits you with a giant club.
The quokka bites you but does no damage.
You hit the ogre.
The ogre is moderately wounded.
Your plate armour prevents you from hitting the quokka.
The quokka bites you. The ogre completely misses you.
The quokka barely misses you.
It was a potion of cancellation.
You feel magically purged. The quokka barely misses you.
The ogre hits you with a giant club!!
Ouch! That really hurt!
You die...

.........##......#.#.#......##...
.........#........#.#............
...................#.............
...........##......#........#....
...........#.#.....#...8....#...$
...........##.....###8...8.....##
...........#.#.....#..........##
...........###.....#.........##
...........##...@.#.#........#
...........+....rO...........#
...........##.....#.#....%.....
).......... ##.....#........#..
.......... #.#.....#........#..
.......... #...".###8...8..#
.......... #.#.....#...8......
.......... ##......#...........
.......... ........#...........


You could see an ogre and a quokka.

Vanquished Creatures
  An adder (D:4)
  An ooze (D:2)
  2 worms (D:3)
  A dart slug (D:1)
  7 leopard geckos
  11 orcs
  3 bats (D:1)
  3 giant cockroaches (D:1)
  4 goblins
  7 hobgoblins
  6 jackals
  7 kobolds
  A quokka (D:2)
  2 ball pythons
  4 rats
60 creatures vanquished.

Notes
Turn   | Place    | Note
-------+----------+-------------------------------------------
     0 | Abyss:1  | Gargoyl the Demonspawn Abyssal Knight began the quest for the Orb.
     0 | Abyss:1  | Reached XP level 1. HP: 18/18 MP: 2/2
   104 | Abyss:2  | Noticed a small abomination
   104 | Abyss:2  | Noticed an iron imp
   171 | Abyss:3  | Noticed an angel
   172 | D:1      | Escaped the Abyss
   350 | D:1      | Gained mutation: You are partially covered in thin metallic scales. (AC +2) [demonic ancestry]
   350 | D:1      | Reached XP level 2. HP: 11/24 MP: 4/4
   359 | D:1      | Reached * piety under Lugonu
   972 | D:1      | Reached XP level 3. HP: 29/29 MP: 5/5
  2146 | D:3      | Reached ** piety under Lugonu
  2187 | D:3      | Found a basalt altar of Yredelemnul.
  2197 | D:3      | Gained mutation: You have sharp fingernails. [demonic ancestry]
  2197 | D:3      | Reached XP level 4. HP: 19/37 MP: 6/6
  3075 | D:4      | Noticed an ogre
  3087 | D:4      | Slain by an ogre

Skill      XL: |  1  2 |
---------------+-------+-----
Axes           | 2 |  2.7
Armour         | 2 |  2.5
Invocations    | 3 |  3.7
Fighting       | |  3.8
Dodging        | |  0.8

Action                   |  1- 3 |  4- 6 || total
-------------------------+-------+-------++-------
Melee: Hand axe          |   163 |    75 ||   238
Invok: Depart the Abyss  |     1 |       ||     1
  Use: Scroll            |     5 |     1 ||     6
       Potion            |       |     1 ||     1
  Eat: Chunk             |     4 |     3 ||     7
Armor: Plate armour      |   146 |    69 ||   215
       Chain mail        |     7 |       ||     7
Dodge: Dodged            |    35 |    20 ||    55
